 Dungeon Crawl Stone Soup version 0.31.0-12-g77e489cdc1 (webtiles) character file.

Game seed: 13314034861082099957

1230 PriceMaster the Sneak (level 8, -1/39 HPs)
             Began as a Spriggan Enchanter on Mar 3, 2024.
             Slain by Menkaure (5 damage)
             ... on level 6 of the Dungeon.
             The game lasted 00:10:12 (5320 turns).

PriceMaster the Sneak (Spriggan Enchanter)          Turns: 5320, Time: 00:10:13

Health: -1/39      AC:  2    Str:  4    XL:     8   Next: 24%
Magic:  16/18      EV: 19    Int: 18    God:
Gold:   363        SH:  0    Dex: 16    Spells: 4/19 levels left

rFire   . . .        a - +2 dagger
rCold   . . .        (no shield)
rNeg    . . .        b - +0 robe
rPois   .            (helmet restricted)
rElec   .            (no cloak)
rCorr   .            (gloves unavailable)
SInv    +            (boots unavailable)
Will    +....        (no amulet)
Stlth   ++++         j - ring of wizardry
HPRegen 0.26/turn    (no ring)
MPRegen 0.16/turn

%: wizardry (x1)
@: confusing by touch, invisible, very quick
A: very small, no large weapons, unfitting armour, see invisible, speed 3
a: no special abilities


You were on level 6 of the Dungeon.
You visited 1 branch of the dungeon, and saw 6 of its levels.

You collected 363 gold pieces.

Inventory:

Hand Weapons
 a - a +2 dagger (weapon)
Armour
 b - a +0 robe (worn)
Jewellery
 j - a ring of wizardry (left hand)
Wands
 k - a wand of flame (21)
 o - a wand of roots (8)
Scrolls
 d - 3 scrolls of enchant armour {unknown}
 e - 2 scrolls of enchant weapon
 h - a scroll of fog
 l - 2 scrolls of identify
 n - a scroll of immolation {unknown}
 p - a scroll of blinking {unknown}
 q - a scroll of teleportation
Potions
 f - a potion of resistance {unknown}
 g - a potion of heal wounds {unknown}
 i - a potion of attraction {unknown}
 m - a potion of might {unknown}


   Skills:
 * Level 2.6 Fighting
 * Level 4.4 Short Blades
 + Level 4.5 Dodging
 * Level 7.7 Stealth
 * Level 6.2 Spellcasting
 + Level 5.5 Hexes
 + Level 1.4 Ice Magic
 * Level 1.8 Alchemy


You had 4 spell levels left.
You knew the following spells:

 Your Spells              Type           Power      Damage    Failure   Level
a - Confusing Touch       Hex            25%        N/A       1%          3
b - Ensorcelled Hibernat  Hex/Ice        36%        N/A       1%          2
c - Tukima's Dance        Hex            25%        N/A       1%          3
d - Jinxbite              Hex            50%        N/A       1%          2
e - Alistair's Intoxicat  Alch           8%         N/A       50%         5

Your spell library contained the following spells:

 Spells                   Type           Power      Damage    Failure   Level
 Apportation              Tloc           10%        N/A       4%          1
 Dazzling Flash           Conj/Hex       30%        N/A       4%          3
 Passwall                 Erth           5%         N/A       14%         3
 Swiftness                Air            5%         N/A       14%         3


Dungeon Overview and Level Annotations

Branches:
Dungeon (6/15)
 Temple: D:4-7

Altars:

Annotations:
D:6 Menkaure


Innate Abilities, Weirdness & Mutations

You are very small and have problems with some larger weapons.
You are too small for most types of armour.
You have supernaturally acute eyesight. (SInv)
You cover ground extremely quickly. (Speed+++)


Message History

Aiming: Ensorcelled Hibernation (safe; 1% risk of failure)
Press: ? - help, Shift-Dir - straight line, f/p - black bear
Aim: a black bear (moderately wounded, chance to affect: 50%)
The black bear looks drowsy...
The helpless black bear fails to defend itself.
You stick the black bear like a pincushion!!!
You kill the black bear!
You start resting.
Magic restored.
You start waiting.
Done waiting.
You start waiting.
Done waiting.
Found a ring mail.
Menkaure shouts!
You see here a puce potion.
You see here a puce potion.
Casting: Ensorcelled Hibernation (safe; 1% risk of failure)
Confirm with . or Enter, or press ? or * to list all spells.
Your hands begin to glow red.
Menkaure mumbles some strange words.
Menkaure seems to speed up.
Casting: Confusing Touch (safe; 1% risk of failure)
Confirm with . or Enter, or press ? or * to list all spells.
Aiming: Tukima's Dance (safe; 1% risk of failure)
Press: ? - help, Shift-Dir - straight line, f - you
Okay, then.
Found a pair of gloves.
You hit Menkaure but do no damage. Menkaure closely misses you.
You hit Menkaure but do no damage.
Menkaure calls on the powers of darkness!
Your body is wracked with pain!
You closely miss Menkaure. Menkaure closely misses you.
You hit Menkaure but do no damage. Menkaure hits you!!
* * * LOW HITPOINT WARNING * * *
You hit Menkaure but do no damage. Menkaure closely misses you.
You hit Menkaure but do no damage. Menkaure misses you.
You fade into invisibility!
Menkaure hits you.
You die...

.# # ##.# ... .## ######
#..# #... ..
......###..###..# ..
...............# #####
..............## #....
......)........# #....
.............$.#####....
.....)M@.!..............
...[...........#####..<.
...........<...# #####
[..............#
..............##
#.....##.....## ######
####### # # ##


You could see Menkaure (fast).

Vanquished Creatures
  A wyvern (D:6)
  4 black bears (D:6)
  An ice beast (D:5)
  A centaur (D:5)
  2 scorpions
  A vampire bat (D:5)
  5 bombardier beetles
  An iguana (D:5)
  4 adders
  A white imp (D:3)
  2 ufetubi (D:6)
  3 dart slugs
  3 fire bats (D:5)
  A ribbon worm (D:2)
  6 orcs
  A spectral bat (D:5)
  3 bat skeletons (D:5)
  A bat zombie (D:5)
  2 endoplasms
  3 giant cockroaches
  5 goblins
  4 hobgoblins
  A quokka (D:1)
  12 ball pythons
  10 bats
  A bat simulacrum (D:5)
  2 frilled lizards
  6 kobolds
  7 rats
94 creatures vanquished.

Notes
Turn   | Place    | Note
-------+----------+-------------------------------------------
     0 | D:1      | PriceMaster the Spriggan Enchanter began the quest for the
                  | Orb.
     0 | D:1      | Reached XP level 1. HP: 9/9 MP: 5/5
    94 | D:1      | Reached XP level 2. HP: 7/13 MP: 6/6
   735 | D:2      | Reached XP level 3. HP: 16/16 MP: 8/8
   746 | D:2      | Learned a level 3 spell: Confusing Touch
   830 | D:2      | Learned a level 2 spell: Ensorcelled Hibernation
  1737 | D:3      | Reached skill level 5 in Stealth
  1942 | D:3      | Learned a level 3 spell: Tukima's Dance
  2061 | D:4      | Reached XP level 4. HP: 21/21 MP: 6/9
  2289 | D:4      | Noticed a scorpion
  2294 | D:4      | Killed a scorpion
  2295 | D:4      | Reached XP level 5. HP: 25/25 MP: 9/11
  2325 | D:4      | Learned a level 2 spell: Jinxbite
  2573 | D:5      | Entered Level 5 of the Dungeon
  2604 | D:5      | Reached skill level 1 in Fighting
  3013 | D:5      | Reached XP level 6. HP: 23/30 MP: 9/13
  3065 | D:5      | Noticed an ice beast
  3073 | D:5      | Killed an ice beast
  3074 | D:5      | Reached skill level 6 in Stealth
  3080 | D:5      | Reached skill level 5 in Hexes
  3444 | D:5      | Reached XP level 7. HP: 34/34 MP: 2/15
  3721 | D:5      | Reached skill level 5 in Spellcasting
  3721 | D:5      | Reached skill level 1 in Ice Magic
  4218 | D:5      | Learned a level 5 spell: Alistair's Intoxication
  4241 | D:6      | Noticed a wyvern
  4248 | D:6      | Killed a wyvern
  4249 | D:6      | Reached skill level 7 in Stealth
  4257 | D:6      | Reached skill level 1 in Alchemy
  4567 | D:6      | Reached XP level 8. HP: 39/39 MP: 10/17
  4930 | D:6      | Noticed Menkaure
  5320 | D:6      | Slain by Menkaure

Illustrated notes

Levels and vault maps discovered:
D:1:      psy_arrival_radial02, layout_rooms
D:2:      layout_rooms
D:3:      layout_basic
D:4:      layout_cave_pools
D:5:      layout_loops_ring, goddamned_bats
D:6:      layout_rooms, uniq_menkaure

Skill      XL: |  1  2  3  4  5  6  7  8 |
---------------+-------------------------+-----
Dodging        | 3 4 |  4.5
Hexes          | 4 5 |  5.5
Spellcasting   | 3 4 5 6 |  6.2
Short Blades   | 2 3 4 |  4.4
Stealth        | 5 6 7 |  7.7
Fighting       | 1 2 |  2.6
Ice Magic      | 1 |  1.4
Alchemy        | 1 |  1.8

Action                     |  1- 3 |  4- 6 |  7- 9 || total
---------------------------+-------+-------+-------++-------
  Melee: Dagger            |   139 |    60 |    91 ||   290
         Punch             |     1 |       |     2 ||     3
   Cast: Confusing Touch   |     6 |     5 |     7 ||    18
         Ensorcelled Hiber |     3 |    17 |    20 ||    40
         Jinxbite          |       |     4 |     4 ||     8
         Tukima's Dance    |       |     3 |       ||     3
         Alistair's Intoxi |       |       |     2 ||     2
  Evoke: Wand              |       |       |     2 ||     2
    Use: Scroll            |     7 |       |       ||     7
         Potion            |     1 |       |     1 ||     2
   Stab: Sleeping          |     7 |    12 |    13 ||    32
         Confused          |     3 |     1 |     3 ||     7
 Armour: Robe              |    40 |    26 |    40 ||   106
  Dodge: Dodged            |    94 |    63 |   115 ||   272
